 Dungeon Crawl Stone Soup version 0.32-a0-765-gfba4d74c8c (webtiles) character file.

Game seed: 14413244979209685759

178 Essalna the Digger (level 5, -1/29 HPs)
             Began as a Gargoyle Earth Elementalist on Mar 18, 2024.
             Slain by a gnoll
             ... wielding a +1 halberd of venom
              (5 damage)
             ... on level 3 of the Dungeon.
             The game lasted 00:04:51 (2594 turns).

Essalna the Digger (Gargoyle Earth Elementalist)    Turns: 2594, Time: 00:04:52

Health: -1/29      AC: 11    Str: 11    XL:     5   Next: 58%
Magic:  2/9        EV: 10    Int: 18    God:
Gold:   171        SH:  0    Dex: 10    Spells: 6/10 levels left

rFire   + . .        f - staff of conjuration
rCold   . . .        (no shield)
rNeg    + . .        s - +2 leather armour {rF+}
rPois   ∞            i - +0 helmet
rElec   +            (no cloak)
rCorr   .            n - +0 pair of gloves
SInv    .            (no boots)
Will    .....        k - amulet of the acrobat
Stlth   ++           (no ring)
HPRegen 0.24/turn    (no ring)
MPRegen 0.11/turn

%: acrobat
@: no status effects
A: sickness immunity, AC +4, negative energy resistance 1, electricity
resistance, torment resistance 1, petrification resistance
a: no special abilities


You were on level 3 of the Dungeon.
You visited 1 branch of the dungeon, and saw 3 of its levels.

You collected 171 gold pieces.

Inventory:

Missiles
 q - a throwing net
Armour
 a - a +0 robe
 i - a +0 helmet (worn)
 n - a +0 pair of gloves (worn)
 s - a +2 leather armour of fire resistance (worn)
Magical Staves
 f - a staff of conjuration (weapon)
Jewellery
 k - an amulet of the acrobat (around neck)
Wands
 b - a wand of warping (3)
Scrolls
 c - 4 scrolls of immolation {unknown}
 e - a scroll of revelation {unknown}
 g - a scroll of butterflies {unknown}
 j - a scroll of torment {unknown}
 l - a scroll of teleportation {unknown}
 o - a scroll of silence {unknown}
 p - a scroll of vulnerability {unknown}
 r - a scroll of identify {unknown}
Potions
 d - a potion of curing {unknown}
 h - a potion of lignification {unknown}
 m - a potion of heal wounds {unknown}


   Skills:
 + Level 1.6 Fighting
 + Level 0.1 Armour
 - Level 1.5 Dodging
 - Level 2.1 Stealth
 + Level 3.2 Spellcasting
 + Level 3.1 Conjurations
 + Level 4.9 Earth Magic


You had 6 spell levels left.
You knew the following spells:

 Your Spells              Type           Power      Damage    Failure   Level
a - Sandblast             Erth           40%        2d10      2%          1
b - Stone Arrow           Conj/Erth      52%        3d10      12%         3

Your spell library contained the following spells:

 Spells                   Type           Power      Damage    Failure   Level
 Passwall                 Erth           20%        N/A       9%          3
 Kiss of Death            Conj/Necr      48%        2d9       11%         1
 Sting                    Conj/Alch      48%        1d6       11%         1
 Momentum Strike          Conj/Tloc      24%        3d8       17%         2
 Apportation              Tloc           4%         N/A       22%         1
 Necrotise                Necr           8%         1d4       22%         1
 Summon Small Mammal      Summ           8%         N/A       22%         1
 Blink                    Tloc           4%         N/A       32%         2
 Lesser Beckoning         Tloc           4%         N/A       32%         2
 Mercury Vapours          Alch/Air       4%         N/A       32%         2
 Brom's Barrelling Bould  Conj/Erth      26%        2d5       36%         4
 Petrify                  Alch/Erth      11%        N/A       58%         4
 Dispel Undead            Necr           2%         3d7       91%         4
 Martyr's Knell           Necr/Summ      2%         N/A       91%         4
 Olgreb's Toxic Radiance  Alch           2%         N/A       91%         4
 Vhi's Electric Charge    Tloc/Air       4%         N/A       91%         4
 Arcjolt                  Conj/Air       6%         1d16      97%         5
 Maxwell's Capacitive Co  Air            1%         ∞         100%        8
 Cigotuvi's Dreadful Rot  Necr/Alch/Air  Unusable   N/A       N/A         2

Dungeon Overview and Level Annotations

Branches:
Dungeon (3/15)

Altars:
Xom

Annotations:
D:2 Terence
D:3 Robin


Innate Abilities, Weirdness & Mutations

You are immune to sickness and miasma.
Your stone body is resilient. (AC +4)
You are immune to poison.
You resist negative energy. (rN+)
You are resistant to electric shocks. (rElec)
You are resistant to unholy torment.
You are immune to petrification.


Message History

The gnoll is severely wounded.
The gnoll hits you but does no damage.
The blast of sand misses the gnoll.
The gnoll closely misses you. The gnoll barely misses you.
The blast of sand hits the gnoll!
You kill the gnoll!
You hear a shout!
The blast of sand hits the gnoll.
The gnoll is moderately wounded.
The gnoll hits you with a +0 halberd. The gnoll closely misses you.
There are monsters nearby!
The blast of sand hits the gnoll.
The gnoll is moderately wounded.
The gnoll shouts!
The gnoll hits you but does no damage. The gnoll hits you with a +0 halberd.
The gnoll barely misses you.
You are too injured to fight recklessly!
You are too injured to fight recklessly!
You are too injured to fight recklessly!
The gnoll closely misses you.
Casting: Sandblast (safe; 2% risk of failure)
Confirm with . or Enter, or press ? or * to list all spells.
Aiming: Sandblast (safe; 2% risk of failure)
Press: ? - help, Shift-Dir - straight line, f/p - gnoll
Aim: a gnoll, wielding a +0 halberd (moderately wounded, 85% to hit)
The blast of sand hits the gnoll but does no damage.
The gnoll is moderately wounded.
The gnoll hits you from afar with a +0 halberd!
* * * LOW HITPOINT WARNING * * *
The gnoll hits you from afar with a +0 halberd.
* * * LOW HITPOINT WARNING * * *
Casting: Sandblast (safe; 2% risk of failure)
Confirm with . or Enter, or press ? or * to list all spells.
Aiming: Sandblast (safe; 2% risk of failure)
Press: ? - help, Shift-Dir - straight line, f/p - gnoll
Aim: a gnoll, wielding a +0 halberd (moderately wounded, 85% to hit)
The blast of sand hits the gnoll!!
You kill the gnoll!
The gnoll hits you from afar with a +1 halberd of venom.
You die...

.#
####.....#######.#.##
.# ###...# #.#..#####
.## #.....##
#..#.#...# ..#
####.##...#
##.#.#...# #.#
#....###..# #.#.#...#
#.###.#### #..#
##.#.....# ......#
#..#### #...>....#
....###
#.....###..###...#
.##.#
#.###@##.....#...#
###.#
#.###.#..###.....#
#.# #.##..g.##
##....# # #.#
#.#.....# #....#
###.#### ##...###.#
#.#### .......#
##..### #... #(.
.......###...#
#........
.......#...#.#
#.......##
....)..#.##..#
#.......##


You could see a gnoll.

Vanquished Creatures
  Ijyb (D:3)
  6 gnolls (D:3)
  3 adders
  3 dart slugs
  7 ball pythons
  4 endoplasms
  A giant cockroach (D:2)
  10 goblins
  10 hobgoblins
  3 kobolds
  4 quokkas
  11 bats
  A frilled lizard (D:1)
  7 rats
71 creatures vanquished.

Vanquished Creatures (others)
  2 goblins (D:3)
2 creatures vanquished.

Grand Total: 73 creatures vanquished

Notes
Turn   | Place    | Note
-------+----------+-------------------------------------------
     0 | D:1      | Essalna the Gargoyle Earth Elementalist began the quest for
                  | the Orb.
     0 | D:1      | Reached XP level 1. HP: 10/10 MP: 3/3
    98 | D:1      | Reached XP level 2. HP: 15/15 MP: 1/5
   329 | D:1      | Reached skill level 4 in Earth Magic
   541 | D:1      | Reached XP level 3. HP: 19/19 MP: 4/6
   680 | D:1      | Found a faded altar of an unknown god.
   737 | D:1      | Got Plato's Handbook of Concussion
   975 | D:1      | Learned a level 3 spell: Stone Arrow
  1412 | D:2      | Noticed Terence
  1434 | D:3      | Reached XP level 4. HP: 21/24 MP: 5/8
  2214 | D:3      | Noticed Ijyb
  2215 | D:3      | Noticed Robin
  2288 | D:3      | Reached skill level 1 in Fighting
  2311 | D:3      | Found a shimmering altar of Xom.
  2316 | D:3      | Reached XP level 5. HP: 29/29 MP: 3/9
  2505 | D:3      | Killed Ijyb
  2594 | D:3      | Slain by a gnoll

Illustrated notes

Levels and vault maps discovered:
D:1:      hellmonk_arrival_library, layout_basic,
          shapermc_ecumenical_altar_rom_forum
D:2:      layout_basic, uniq_terence
D:3:      layout_rooms, mainiacjoe_overflow_chevrons, nicolae_goblin_pals,
          uniq_crazy_yiuf_cottage

Skill      XL: |  1  2  3  4  5 |
---------------+----------------+-----
Earth Magic    | 4 |  4.9
Conjurations   | 2 3 |  3.1
Spellcasting   | 3 |  3.2
Fighting       | 1 |  1.6
Armour         | |  0.1
Dodging        | |  1.5
Stealth        | |  2.1

Action                     |  1- 3 |  4- 6 || total
---------------------------+-------+-------++-------
  Melee: Unarmed           |     2 |       ||     2
         Staff             |       |     1 ||     1
   Cast: Sandblast         |    52 |    57 ||   109
         Stone Arrow       |       |     3 ||     3
    Use: Potion            |       |     1 ||     1
 Armour: Robe              |     9 |    28 ||    37
         Leather armour    |       |     8 ||     8
  Dodge: Dodged            |     6 |    52 ||    58

Table legend: (Time is in decaauts)
 A = Elapsed time spent in this place.
 B = Non-inter-level travel time spent in this place.
 C = Inter-level travel time spent in this place.
 D = Time resting spent in this place.
 E = Time spent auto-exploring this place.
 F = Levels seen in this place.
 G = Mean time per level.
                   A        B        C        D        E       F      G
               +--------+--------+--------+--------+--------+-----+--------+
         Total |   2649 |   2428 |    221 |      0 |   1915 |   3 |  883.0 |
       Dungeon |   2649 |   2428 |    221 |      0 |   1915 |   3 |  883.0 |
               +--------+--------+--------+--------+--------+-----+--------+

Top non-repeatable levels by time:
     D:1: 1108 daAuts
     D:2: 1016 daAuts
     D:3: 524 daAuts
